caesar, neutral male human Barbarian ------- ----------- |.....| |.........| |.....| --- ---- ------ ---- ----- |.........| |.....| |.+ |..| +....+ |(.| +...| |.........| |.....| |.| |..| |....| |..| |...| ..........| |.<...+ |.----|-----....----+--+-----...| |.........| ---.--- |......[%..........[+.%.........| |......>..| ## #.%-|-----+--.......--o----|--...| -------.--- # #|.|..|..| |......{|....|...|...| # # #|.|..|.)| |.......|.a@.|...|...| # # ###|.----)-----.......|.@aa|..%|...| # # # # #|....%........{....|..a.|.%%|...| # -------.--### |.-------+-------.----------|..). ### |........-# |%-.%I*| |(.(.-.+ |....|..[| # |.*......|#####|.|.!((| |(((.|.| |(((.-...| #`---------.- |........| # |.|.!.%| |.((.|.| |(%..|...| #-.........| |........|#####|%---------------.-----------....######|.........| |......... #....................%...........| #..........| ---------- --------------------------------- ----------- caesar the Bandit Experience level: 8 Strength: 18 Dexterity: 17 Constitution: 18 Intelligence: 8 Wisdom: 9 Charisma: 6 Health: 0(80) Energy: 22(22) Def: 12 Gold: 355 Moves: 6027 Dungeon seed: 39xVkXZvDlfZNwQO Game ID: caesar_1523547136 Your Inventory: Coins $ - 355 gold pieces Weapons a - the rustproof +0 Cleaver (weapon in hands) b - a blessed +0 two-handed sword A - the rustproof +0 Magicbane Armor e - an uncursed +0 elven cloak n - an uncursed +0 dwarvish iron helm q - an uncursed +0 helmet z - an uncursed +0 mummy wrapping B - an uncursed +0 pair of high boots C - an uncursed +0 pair of leather gloves D - a blessed +0 pair of low boots R - an uncursed +1 dwarvish cloak (being worn) S - a blessed +2 pair of iron shoes (being worn) Y - an uncursed +1 dwarvish mithril-coat (being worn) Comestibles c - an uncursed tin of coyote meat E - 2 uncursed C-rations Scrolls f - 2 uncursed scrolls of identify O - an uncursed scroll of gold detection Potions p - a blessed potion of speed P - a cursed potion of healing Rings d - an uncursed ring of levitation Wands h - a wand of nothing (0:6) i - a wand of digging (0:4) m - a wand of undead turning (0:2) r - a wand of light (0:11) y - a wand of lightning (0:3) Tools k - a +0 pick-axe o - an uncursed skeleton key s - an uncursed tin opener u - a can of grease (0:21) v - an uncursed oil lamp (0:1491) L - an uncursed skeleton key X - 5 blessed tallow candles (0:200) Z - an uncursed bag of holding Contents of the bag of holding: a wand of magic missile (0:8) Spells and supernatural/magical abilities: Name Level Category Fail Memory W - pray for help -- divine ? -- Your skills at the end: Fighting Skills bare handed combat [Basic] Weapon Skills axe [Skilled] two-handed sword [Basic] Spellcasting Skills Final Attributes: You were piously aligned. You were poison resistant. You were fast. You were unlucky. Crom was angry with you. You are dead. Vanquished creatures: a large mimic 2 small mimics a tengu 3 soldiers a quivering blob a leprechaun a giant spider an orc mummy 3 Green-elves 4 chickatrices a soldier ant 8 Uruk-hai a rock piercer 2 rock moles a yellow light a shrieker 5 gnome lords 4 gnomish wizards a gray ooze a straw golem a little dog a floating eye a kitten 7 dwarves a kobold shaman 7 hill orcs a rothe a giant bat a wererat a werejackal 12 killer bees a coyote 3 hobbits 3 manes a giant rat 4 cave spiders a brown mold 2 yellow molds 2 red molds 26 gnomes 5 geckos 5 jackals 2 foxes 2 kobolds 3 goblins 7 sewer rats 10 grid bugs 2 bats 7 lichens a kobold zombie 2 newts 166 creatures vanquished. Voluntary challenges: You had followed a strict vegan diet until turn 2435. You had followed a strict vegetarian diet until turn 2435. You used a wielded weapon 196 times, starting on turn 27. You read items or engraved 7 times, starting on turn 914. You never genocided any monsters. You never polymorphed an object. You never changed form. You used no wishes. You never split a pudding. You wrote Elbereth's name 4 times, starting on turn 1106. You violated your moral code, losing 11 points of alignment, starting on turn 5394. Dungeon overview: The Dungeons of Doom: levels 1 to 5 Level 1 an altar to Crom a long staircase Level 2 a general store, a fountain, a sink Level 3 a sink Level 4 stairs to The Gnomish Mines Level 5 The Gnomish Mines: levels 5 to 9 Level 5 stairs to The Dungeons of Doom Level 6 Level 7 Level 8 <- You were here many shops, a temple to Set, some fountains Level 9 History has recorded: On T:1 you entered the Dungeons of Doom to retrieve the Amulet of Yendor! On T:331 you reached level 2 of The Dungeons of Doom. On T:720 you advanced to experience level 2. On T:1047 you advanced to experience level 3. On T:1169 you reached level 3 of The Dungeons of Doom. On T:1262 you reached level 4 of The Dungeons of Doom. On T:1626 you advanced to experience level 4. On T:1760 you reached level 1 of The Gnomish Mines. On T:1928 you reached level 5 of The Dungeons of Doom. On T:2104 you advanced to experience level 5. On T:2156 you received Cleaver from Crom. On T:3679 you advanced to experience level 6. On T:3826 you reached level 2 of The Gnomish Mines. On T:4601 you reached level 3 of The Gnomish Mines. On T:4671 you advanced to experience level 7. On T:4933 you reached level 4 of The Gnomish Mines. On T:5085 you advanced to experience level 8. On T:5589 you received Magicbane from Crom. On T:5660 you reached level 5 of The Gnomish Mines. Score breakdown: Gold: 355 ( 8679 points) Experience: 8 levels (14739 points) Exploration: 9 levels ( 17.65%) (12000 points) Discoveries: 16 items ( 6.50%) ( 7650 points) Valuables value: (no points given unless you survive) Artifact value: 5000 (12582 points) Variety of kills: 51 monsters ( 13.39%) (10975 points) Turncount: 6027 turns (-1630 points) Survival: died (score multiplied by 80%) Total score: 51996 Latest messages: "Pilgrim, you enter a sacred place!" You experience a strange sense of peace. The hill orc picks up an orcish helm. There is an altar to Crom (neutral) here. There are a few objects here. The hill orc picks up an orcish dagger. You'll regret this infamous offense! The altar is stained with human blood. The priest of Crom gets angry! You feel that Crom is displeased. Your movements are now unencumbered. You hear a door open. The hill orc picks up 7 poisoned orcish arrows. The priest of Crom wields a mace! The priest of Crom kicks! The priest of Crom casts a spell! The priest of Crom summons insects! The giant ant bites! (2x) The priest of Crom swings his mace. The priest of Crom hits! You die... Final status: Goodbye caesar the Barbarian, killed by a priest of Crom... You died in The Gnomish Mines on dungeon level 8 with 51996 points, and 355 pieces of gold, after 6027 moves. You were level 8 with a maximum of 80 hit points when you died.